TOP OF THE 1ST |
Nassau Rockets batting - Pitching for Hendersonville Hitmen : RHP Rodrigo Aguilar
|
Pitching: RHP Rodrigo Aguilar
|
|
Batting: RHB Sadayoshi Kato
|
0-0: Called Strike 0-1: Called Strike 0-2: Ball 1-2: Strikes out looking
|
Batting: RHB Ed Sims
|
0-0: Called Strike 0-1: SINGLE (Line Drive, 4D)
|
Batting: LHB Wilson Allen
|
0-0: Ball 1-0: Fly out, F4 (Line Drive, 4MD)
|
Batting: RHB Felipe Rivera
|
0-0: Called Strike 0-1: Called Strike Ed Sims steals 2nd base 0-2: Ground out 5-3 (Groundball, 56)
|
Top of the 1st over - 0 run(s), 1 hit(s), 0 error(s), 1 left on base; Nassau 0 - Hendersonville 0 |
BOTTOM OF THE 1ST |
Hendersonville Hitmen batting - Pitching for Nassau Rockets : RHP Tomás Molina
|
Pitching: RHP Tomás Molina
|
|
Batting: RHB Carlos García
|
0-0: SOLO HOME RUN (Flyball, 78XD), Distance : 428 ft
|
Batting: RHB Rafael González
|
0-0: Ball 1-0: Ball 2-0: Ball 3-0: Called Strike 3-1: Foul Ball, location: 2F 3-2: Ground out 6-3 (Groundball, 6)
|
Batting: LHB Lorenzo Villa
|
0-0: Ball 1-0: Ball 2-0: Swinging Strike 2-1: Ball 3-1: Fly out, F8 (Flyball, 8RM)
|
Batting: RHB Manolo Román
|
0-0: Foul Ball, location: 2F 0-1: Foul Ball, location: 2F 0-2: Ball 1-2: Ball 2-2: Foul Ball, location: 2F 2-2: Ball 3-2: Fly out, F8 (Flyball, 78XD)
|
Bottom of the 1st over - 1 run(s), 1 hit(s), 0 error(s), 0 left on base; Nassau 0 - Hendersonville 1 |
TOP OF THE 2ND |
Nassau Rockets batting - Pitching for Hendersonville Hitmen : RHP Rodrigo Aguilar
|
Batting: LHB Jarred Jackson
|
0-0: Ball 1-0: Ball 2-0: Ground out 5-3 (Groundball, 56)
|
Batting: LHB Enrique Cortéz
|
0-0: Ball 1-0: Hit by Pitch
|
Batting: RHB Carlos MacKinney
|
0-0: Called Strike Enrique Cortéz is caught stealing 2nd base 0-1: Ball 1-1: TRIPLE (Line Drive, 8LXD)
|
Batting: LHB Rafael Delgado
|
0-0: Ball 1-0: Swinging Strike 1-1: Ball 2-1: Swinging Strike 2-2: Strikes out swinging
|
Top of the 2nd over - 0 run(s), 1 hit(s), 0 error(s), 1 left on base; Nassau 0 - Hendersonville 1 |
BOTTOM OF THE 2ND |
Hendersonville Hitmen batting - Pitching for Nassau Rockets : RHP Tomás Molina
|
Batting: LHB Terry White
|
0-0: Ball 1-0: Swinging Strike 1-1: Called Strike 1-2: Ball 2-2: SINGLE (Groundball, 56D)
|
Batting: SHB Tony López
|
0-0: Ball 1-0: Called Strike 1-1: Fly out, F8 (Flyball, 8LD) Runner from 1st tags up, SAFE at 2nd
|
Batting: LHB Jerry Johnston
|
0-0: Fly out, F7 (Flyball, 7LS)
|
Batting: RHB Robert Buckley
|
0-0: Called Strike 0-1: Called Strike 0-2: Strikes out swinging
|
Bottom of the 2nd over - 0 run(s), 1 hit(s), 0 error(s), 1 left on base; Nassau 0 - Hendersonville 1 |
TOP OF THE 3RD |
Nassau Rockets batting - Pitching for Hendersonville Hitmen : RHP Rodrigo Aguilar
|
Batting: RHB Vern Carlton
|
0-0: Ground out 1-3 (Groundball, 15)
|
Batting: RHB Sadayoshi Kato
|
0-0: Swinging Strike 0-1: Ball 1-1: Foul Ball, location: 2F 1-2: DOUBLE (Line Drive, 9D)
|
Batting: RHB Ed Sims
|
0-0: Ground out 4-3 (Groundball, 34) Sadayoshi Kato to third
|
Batting: LHB Wilson Allen
|
0-0: Called Strike 0-1: Ball 1-1: 2-RUN HOME RUN (Flyball, 9D), Distance : 398 ft
|
Batting: RHB Felipe Rivera
|
0-0: Ball 1-0: Swinging Strike 1-1: SINGLE (Groundball, 56)
|
Batting: LHB Jarred Jackson
|
0-0: Ball 1-0: Ball 2-0: Swinging Strike 2-1: Fielders Choice at 2nd, U4 (Groundball, 4M)
|
Top of the 3rd over - 2 run(s), 3 hit(s), 0 error(s), 1 left on base; Nassau 2 - Hendersonville 1 |
BOTTOM OF THE 3RD |
Hendersonville Hitmen batting - Pitching for Nassau Rockets : RHP Tomás Molina
|
Batting: RHB Taylor McFarland
|
0-0: Called Strike 0-1: Ball 1-1: Fly out, F8 (Flyball, 8RS)
|
Batting: RHB Carlos García
|
0-0: Ball 1-0: Called Strike 1-1: Ball 2-1: Ball 3-1: Foul Ball, location: 2F 3-2: Strikes out swinging
|
Batting: RHB Rafael González
|
0-0: Called Strike 0-1: Ball 1-1: Foul Ball, location: 2F 1-2: Foul Ball, location: 2F 1-2: Strikes out swinging
|
Bottom of the 3rd over - 0 run(s), 0 hit(s), 0 error(s), 0 left on base; Nassau 2 - Hendersonville 1 |
TOP OF THE 4TH |
Nassau Rockets batting - Pitching for Hendersonville Hitmen : RHP Rodrigo Aguilar
|
Batting: LHB Enrique Cortéz
|
0-0: Called Strike 0-1: SINGLE (Groundball, 4MD)
|
Batting: RHB Carlos MacKinney
|
0-0: Swinging Strike 0-1: Fly out, F4 (Line Drive, 4)
|
Batting: LHB Rafael Delgado
|
0-0: Ball 1-0: Ball 2-0: Grounds into double play, 4-6-3 (Groundball, 4)
|
Top of the 4th over - 0 run(s), 1 hit(s), 0 error(s), 0 left on base; Nassau 2 - Hendersonville 1 |
BOTTOM OF THE 4TH |
Hendersonville Hitmen batting - Pitching for Nassau Rockets : RHP Tomás Molina
|
Batting: LHB Lorenzo Villa
|
0-0: Foul Ball, location: 2F 0-1: Ball 1-1: Ground out 1-3 (Groundball, 15)
|
Batting: RHB Manolo Román
|
0-0: Ball 1-0: Called Strike 1-1: Called Strike 1-2: Foul Ball, location: 2F 1-2: Hit by Pitch
|
Batting: LHB Terry White
|
0-0: Foul Ball, location: 2F 0-1: Foul Ball, location: 2F 0-2: Ball 1-2: Ball 2-2: Ball 3-2: Foul Ball, location: 2F 3-2: 2-RUN HOME RUN (Flyball, 9D), Distance : 407 ft
|
Batting: SHB Tony López
|
0-0: Called Strike 0-1: Ground out 4-3 (Groundball, 4M)
|
Batting: LHB Jerry Johnston
|
0-0: Ball 1-0: DOUBLE (Groundball, 3L)
|
Batting: RHB Robert Buckley
|
0-0: Fly out, F8 (Flyball, 8RM)
|
Bottom of the 4th over - 2 run(s), 2 hit(s), 0 error(s), 1 left on base; Nassau 2 - Hendersonville 3 |
TOP OF THE 5TH |
Nassau Rockets batting - Pitching for Hendersonville Hitmen : RHP Rodrigo Aguilar
|
Batting: RHB Vern Carlton
|
0-0: Ground out 5-3 (Groundball, 5)
|
Batting: RHB Sadayoshi Kato
|
0-0: Ground out 6-3 (Groundball, 6)
|
Batting: RHB Ed Sims
|
0-0: Ball 1-0: Foul Ball, location: 2F 1-1: Swinging Strike 1-2: Foul Ball, location: 2F 1-2: Foul Ball, location: 2F 1-2: Foul Ball, location: 2F 1-2: Ball 2-2: Ball 3-2: Strikes out swinging
|
Top of the 5th over - 0 run(s), 0 hit(s), 0 error(s), 0 left on base; Nassau 2 - Hendersonville 3 |
BOTTOM OF THE 5TH |
Hendersonville Hitmen batting - Pitching for Nassau Rockets : RHP Tomás Molina
|
Batting: RHB Taylor McFarland
|
0-0: Foul Ball, location: 2F 0-1: Ball 1-1: Ball 2-1: Called Strike 2-2: Strikes out swinging
|
Batting: RHB Carlos García
|
0-0: Ball 1-0: Foul Ball, location: 2F 1-1: Foul Ball, location: 2F 1-2: Strikes out swinging
|
Batting: RHB Rafael González
|
0-0: Fly out, F8 (Flyball, 8LM)
|
Bottom of the 5th over - 0 run(s), 0 hit(s), 0 error(s), 0 left on base; Nassau 2 - Hendersonville 3 |
TOP OF THE 6TH |
Nassau Rockets batting - Pitching for Hendersonville Hitmen : RHP Rodrigo Aguilar
|
Batting: LHB Wilson Allen
|
0-0: Swinging Strike 0-1: Foul Ball, location: 2F 0-2: Ground out 4-3 (Groundball, 34)
|
Batting: RHB Felipe Rivera
|
0-0: Ball 1-0: Ball 2-0: Called Strike 2-1: Ball 3-1: Ground out 4-3 (Groundball, 4)
|
Batting: LHB Jarred Jackson
|
0-0: Ground out 5-3 (Groundball, 5L)
|
Top of the 6th over - 0 run(s), 0 hit(s), 0 error(s), 0 left on base; Nassau 2 - Hendersonville 3 |
BOTTOM OF THE 6TH |
Hendersonville Hitmen batting - Pitching for Nassau Rockets : RHP Tomás Molina
|
Batting: LHB Lorenzo Villa
|
0-0: Swinging Strike 0-1: Ball 1-1: Called Strike 1-2: Foul Ball, location: 2F 1-2: Strikes out swinging
|
Batting: RHB Manolo Román
|
0-0: Called Strike 0-1: Ball 1-1: Called Strike 1-2: Ball 2-2: Ball 3-2: Foul Ball, location: 2F 3-2: Foul Ball, location: 2F 3-2: Fly out, F7 (Flyball, 78XD)
|
Batting: LHB Terry White
|
0-0: Ball 1-0: Fly out, F9 (Flyball, 9S)
|
Bottom of the 6th over - 0 run(s), 0 hit(s), 0 error(s), 0 left on base; Nassau 2 - Hendersonville 3 |
TOP OF THE 7TH |
Nassau Rockets batting - Pitching for Hendersonville Hitmen : RHP Rodrigo Aguilar
|
Batting: LHB Enrique Cortéz
|
0-0: Called Strike 0-1: Ball 1-1: Ground out 6-3 (Groundball, 6)
|
Batting: RHB Carlos MacKinney
|
0-0: Ball 1-0: Called Strike 1-1: Ball 2-1: Foul Ball, location: 2F 2-2: Foul Ball, location: 2F 2-2: DOUBLE (Groundball, 5L)
|
Batting: LHB Rafael Delgado
|
0-0: Ball 1-0: TRIPLE (Line Drive, 4M) Carlos MacKinney scores
|
Pinch Hitting: SHB Dave MacThomas
|
0-0: Ball 1-0: Swinging Strike 1-1: TRIPLE (Flyball, 8RM) Rafael Delgado scores
|
Pitching: RHP Héctor Reyes
|
|
Batting: RHB Sadayoshi Kato
|
0-0: Ground out 6-3 (Groundball, 6M)
|
Batting: RHB Ed Sims
|
0-0: Ball 1-0: SINGLE (Groundball, 6M) Dave MacThomas scores
|
Batting: LHB Wilson Allen
|
0-0: Ball 1-0: Ground out 1-3 (Groundball, 15S)
|
Top of the 7th over - 3 run(s), 4 hit(s), 0 error(s), 1 left on base; Nassau 5 - Hendersonville 3 |
BOTTOM OF THE 7TH |
Hendersonville Hitmen batting - Pitching for Nassau Rockets : RHP Tomás Molina
|
Now at SS: Dave MacThomas
|
|
Batting: SHB Tony López
|
0-0: Ball 1-0: Ball 2-0: Foul Ball, location: 2F 2-1: Ball 3-1: Base on Balls
|
Pitching: RHP Jerry Good
|
|
Batting: LHB Jerry Johnston
|
0-0: Ground out U3 (Groundball, 3S) Tony López to second
|
Batting: RHB Robert Buckley
|
0-0: Foul Ball, location: 2F 0-1: Ball 1-1: Foul Ball, location: 2F 1-2: Strikes out swinging
|
Batting: RHB Taylor McFarland
|
0-0: Ball 1-0: Fly out, F8 (Flyball, 78D)
|
Bottom of the 7th over - 0 run(s), 0 hit(s), 0 error(s), 1 left on base; Nassau 5 - Hendersonville 3 |
TOP OF THE 8TH |
Nassau Rockets batting - Pitching for Hendersonville Hitmen : RHP Héctor Reyes
|
Batting: RHB Felipe Rivera
|
0-0: Ground out 4-3 (Groundball, 34)
|
Batting: LHB Jarred Jackson
|
0-0: Called Strike 0-1: Called Strike 0-2: Foul Ball, location: 2F 0-2: Strikes out swinging
|
Batting: LHB Enrique Cortéz
|
0-0: Foul Ball, location: 2F 0-1: Called Strike 0-2: Ball 1-2: Foul Ball, location: 2F 1-2: Ground out 3-1 (Groundball, 3L)
|
Top of the 8th over - 0 run(s), 0 hit(s), 0 error(s), 0 left on base; Nassau 5 - Hendersonville 3 |
BOTTOM OF THE 8TH |
Hendersonville Hitmen batting - Pitching for Nassau Rockets : RHP Jerry Good
|
Batting: RHB Carlos García
|
0-0: Called Strike 0-1: Ground out 2-3 (Groundball, 2R)
|
Batting: RHB Rafael González
|
0-0: Foul Ball, location: 2F 0-1: Foul Ball, location: 2F 0-2: Foul Ball, location: 2F 0-2: Foul Ball, location: 2F 0-2: Ball 1-2: Foul Ball, location: 2F 1-2: Ground out 6-3 (Groundball, 6MS)
|
Batting: LHB Lorenzo Villa
|
0-0: Ball 1-0: Ball 2-0: Called Strike 2-1: Foul Ball, location: 2F 2-2: Ball 3-2: Base on Balls
|
Batting: RHB Manolo Román
|
0-0: Foul Ball, location: 2F 0-1: Ball 1-1: Ball 2-1: Ball 3-1: Foul Ball, location: 2F 3-2: Foul Ball, location: 2F 3-2: Fly out, F6 (Popup, 5F)
|
Bottom of the 8th over - 0 run(s), 0 hit(s), 0 error(s), 1 left on base; Nassau 5 - Hendersonville 3 |
TOP OF THE 9TH |
Nassau Rockets batting - Pitching for Hendersonville Hitmen : RHP Héctor Reyes
|
Batting: RHB Carlos MacKinney
|
0-0: Ground out 4-3 (Groundball, 4)
|
Batting: LHB Rafael Delgado
|
0-0: Swinging Strike 0-1: Swinging Strike 0-2: Ball 1-2: Ball 2-2: Strikes out swinging
|
Batting: SHB Dave MacThomas
|
0-0: Foul Ball, location: 2F 0-1: Ball 1-1: Ball 2-1: Foul Ball, location: 2F 2-2: Foul Ball, location: 2F 2-2: Foul Ball, location: 2F 2-2: Foul Ball, location: 2F 2-2: Foul Ball, location: 2F 2-2: Ball 3-2: Strikes out swinging
|
Top of the 9th over - 0 run(s), 0 hit(s), 0 error(s), 0 left on base; Nassau 5 - Hendersonville 3 |
BOTTOM OF THE 9TH |
Hendersonville Hitmen batting - Pitching for Nassau Rockets : RHP Jerry Good
|
Pitching: RHP Howard Green
|
|
Batting: LHB Terry White
|
0-0: Called Strike 0-1: Foul Ball, location: 2F 0-2: Foul Ball, location: 2F 0-2: Foul Ball, location: 2F 0-2: Ground out 4-3 (Groundball, 4)
|
Batting: SHB Tony López
|
0-0: Ball 1-0: Ball 2-0: Ball 3-0: SINGLE (Line Drive, 6MD)
|
Batting: LHB Jerry Johnston
|
0-0: Ball 1-0: Ball 2-0: Ball 3-0: Called Strike 3-1: Fly out, F8 (Flyball, 8RD) Runner from 1st tags up, SAFE at 2nd
|
Pinch Hitting: SHB David Johnstone
|
0-0: Foul Ball, location: 2F 0-1: SINGLE (Flyball, 8LM) Tony López to third Runner from 3rd tries for Home, SAFE, no throw or cutoff
|
Batting: RHB Taylor McFarland
|
0-0: Called Strike 0-1: Swinging Strike 0-2: Ball 1-2: Strikes out swinging
|
Bottom of the 9th over - 1 run(s), 2 hit(s), 0 error(s), 1 left on base; Nassau 5 - Hendersonville 4 |
|